 Dungeon Crawl Stone Soup version 0.25.0-1-g7eea58d2a3 (webtiles) character file.

Game seed: 18405428894494024265

27 sking99 the Chiller (level 2, -6/16 HPs)
             Began as a Deep Elf Ice Elementalist on June 14, 2020.
             Was an Initiate of Nemelex Xobeh.
             Killed from afar by Sigmund (8 damage)
             ... with a magic dart
             ... on level 2 of the Dungeon.
             The game lasted 00:04:33 (1537 turns).

sking99 the Chiller (Deep Elf Ice Elementalist)     Turns: 1537, Time: 00:04:34

Health: -6/16      AC:  2    Str:  5    XL:     2   Next: 93%
Magic:  8/8        EV: 13    Int: 19    God:    Nemelex Xobeh [......]
Gold:   26         SH:  0    Dex: 15    Spells: 6/7 levels left

rFire    . . .     SeeInvis .   (no weapon)
rCold    . . .     Gourm    .   (no shield)
rNeg     . . .     Faith    .   a - +0 robe
rPois    .         Spirit   .   (no helmet)
rElec    .         Reflect  .   (no cloak)
rCorr    .         Harm     .   (no gloves)
MR       .....                  (no boots)
Stlth    ++........             (no amulet)
HPRegen  0.05/turn              (no ring)
MPRegen  0.11/turn              (no ring)

@: no status effects
A: no striking features
a: Draw Escape, Draw Destruction, Draw Summoning, Renounce Religion


You were on level 2 of the Dungeon.
You worshipped Nemelex Xobeh.
Nemelex Xobeh was noncommittal.
You were not hungry.

You visited 1 branch of the dungeon, and saw 2 of its levels.

You collected 26 gold pieces.

Inventory:

Armour
 a - a +0 robe (worn)
Jewellery
 g - an uncursed ring of wizardry {unknown}
Scrolls
 d - a scroll of blinking {unknown}
 f - a scroll of identify {unknown}
 i - a scroll of amnesia {unknown}
Potions
 e - a potion of curing {unknown}
 h - a potion of brilliance {unknown}
Comestibles
 b - 4 chunks of flesh
 c - a ration


   Skills:
 + Level 0.7 Fighting
 + Level 2.8 Dodging
 - Level 2.4 Stealth
 + Level 3.4 Spellcasting
 * Level 4.8 Ice Magic


You had 6 spell levels left.
You knew the following spells:

 Your Spells              Type           Power        Failure   Level  Hunger
a - Freeze                Ice            ###.         1%          1    None

Your spell library contained the following spells:

 Spells                   Type           Power        Failure   Level  Hunger
 Frozen Ramparts          Ice            ###...       6%          3    ###....
 Ozocubu's Armour         Chrm/Ice       ##......     16%         3    ###....
 Hailstorm                Conj/Ice       ##......     47%         4    ####...
 Summon Ice Beast         Ice/Summ       ##......     47%         4    ####...


Dungeon Overview and Level Annotations

Branches:
Dungeon (2/15)

Altars:
Nemelex Xobeh

Annotations:
D:2 exclusion: adder, Sigmund


Message History

You resist with significant effort.
There is an open door here.
Sigmund points at you and mumbles some strange words.
The magic dart hits you.
You close the door.
Sigmund opens the door.
There is an open door here.
Sigmund gestures at you while chanting. The magic dart hits you.
You close the door.
Sigmund opens the door.
Sigmund screams, "Die, monster!"
Sigmund points at you and mumbles some strange words.
The magic dart hits you.
* * * LOW HITPOINT WARNING * * *
Sigmund gestures at you while chanting. The magic dart hits you!
Ouch! That really hurt!
You die...
Your body disappears without a glow.

#.######.# #@....#
#.#####@## #.# ###.###
.........#####.#####.#
#####.....#..........#
#..........##.#######
#.##.#.######.# ..
#.#........# #
#.#.######## #.#@# #.#
#.# #.# #.# ###
###.############## ..#
#................##
#.####.#.##########.#..##
#.#.......## ##.........#


You could see Sigmund.

Vanquished Creatures
  A worm (D:2)
  A dart slug (D:1)
  2 giant cockroaches (D:2)
  5 goblins
  3 hobgoblins (D:1)
  2 kobolds (D:1)
  2 bats (D:1)
  4 rats
20 creatures vanquished.

Notes
Turn   | Place    | Note
-------+----------+-------------------------------------------
     0 | D:1      | sking99 the Deep Elf Ice Elementalist began the quest for
                  | the Orb.
     0 | D:1      | Reached XP level 1. HP: 10/10 MP: 6/6
   360 | D:1      | Reached XP level 2. HP: 16/16 MP: 5/8
  1185 | D:2      | Found a sparkling altar of Nemelex Xobeh.
  1316 | D:2      | Became a worshipper of Nemelex Xobeh the Trickster
  1379 | D:2      | Noticed Sigmund
  1537 | D:2      | Killed from afar by Sigmund

Illustrated notes

Levels and vault maps discovered:
D:1:      dpeg_arrival_simpleton_b, layout_basic, serial_park_tiny_2
D:2:      layout_loops_corners, serial_bayou_ford_a, fountainhead,
          nemelex_lonely_heart_becter, uniq_sigmund

Action                   || total
-------------------------++-------
Melee: Unarmed           ||     4
 Cast: Freeze            ||    33
  Eat: Chunk             ||     2
Armor: Robe              ||     1
Dodge: Dodged            ||    13
